 Dungeon Crawl Stone Soup version 0.30.0-7-g0c4daa9e05 (webtiles) character file.

Game seed: 2851400545267841122

83 Kass the Grasshopper (level 4, -1/57 HPs)
             Began as a Gnoll Warper on May 13, 2023.
             Slain by Natasha (3 damage)
             ... on level 2 of the Dungeon.
             The game lasted 00:06:48 (1450 turns).

Kass the Grasshopper (Gnoll Warper)                 Turns: 1450, Time: 00:06:49

Health: -1/57      AC: 22    Str: 11 (12) XL:     4   Next: 44%
Magic:  9/11       EV:  2    Int: 11 (13) God:
Gold:   47         SH:  0    Dex:  9 (11) Spells: 11/13 levels left

rFire   . . .        a - +0 spear
rCold   . . .        (no shield)
rNeg    . . .        b - melded +0 leather armour
rPois   +            (helmet currently unavailable)
rElec   .            (cloak currently unavailable)
rCorr   +            (gloves currently unavailable)
SInv    .            (boots currently unavailable)
Will    .....        (no amulet)
Stlth   +            h - ring of resist corrosion
HPRegen 0.29/turn    (no ring)
MPRegen 0.12/turn

%: no passive effects
@: tree-form
A: stationary, stasis, torment immunity, boosted hp, (fangs 1), strong nose,
distributed training
a: no special abilities


You were on level 2 of the Dungeon.
You were a tree.
You visited 1 branch of the dungeon, and saw 2 of its levels.

You collected 47 gold pieces.

Inventory:

Hand Weapons
 a - a +0 spear (weapon)
Missiles
 d - 7 boomerangs of dispersal (quivered)
 l - 6 poisoned darts
Armour
 b - a +0 leather armour (melded)
Jewellery
 h - a ring of resist corrosion (left branch)
Scrolls
 c - a scroll of blinking
 e - 2 scrolls of identify {unknown}
 j - a scroll of enchant weapon {unknown}
 m - a scroll of fear {unknown}
Potions
 i - a potion of heal wounds {unknown}
 k - 2 potions of curing {unknown}
 n - a potion of flight {unknown}
 o - a potion of mutation {unknown}
 p - a potion of attraction {unknown}


   Skills:
 + Level 4.6 Fighting
 + Level 1.2 Short Blades
 + Level 1.2 Long Blades
 + Level 1.2 Axes
 + Level 1.2 Maces & Flails
 + Level 4.6 Polearms
 + Level 1.2 Staves
 + Level 1.2 Ranged Weapons
 + Level 2.8 Throwing
 + Level 2.8 Armour
 + Level 4.6 Dodging
 + Level 1.2 Stealth
 + Level 1.2 Shields
 + Level 1.2 Unarmed Combat
 + Level 5.1 Spellcasting
 + Level 1.0 Conjurations
 + Level 1.0 Hexes
 + Level 1.0 Summonings
 + Level 1.0 Necromancy
 + Level 5.5 Translocations
 + Level 1.0 Transmutations
 + Level 1.0 Fire Magic
 + Level 1.0 Ice Magic
 + Level 1.0 Air Magic
 + Level 1.0 Earth Magic
 + Level 1.0 Poison Magic
 + Level 1.3 Invocations
 + Level 1.2 Evocations


You had 11 spell levels left.
You knew the following spells:

 Your Spells              Type           Power      Damage    Failure   Level
a - Blink                 Tloc           28%        N/A       3%          2

Your spell library contained the following spells:

 Spells                   Type           Power      Damage    Failure   Level
 Lesser Beckoning         Tloc           28%        N/A       3%          2
 Teleport Other           Tloc           14%        N/A       7%          3
 Beastly Appendage        Tmut           10%        N/A       14%         1
 Magic Dart               Conj           20%        1d4       14%         1
 Vhi's Electric Charge    Tloc/Air       18%        N/A       17%         3
 Searing Ray              Conj           10%        2d4       22%         2
 Wereblood                Tmut           5%         N/A       22%         2
 Manifold Assault         Tloc           14%        N/A       22%         4
 Spider Form              Tmut/Pois      5%         N/A       38%         3
 Cause Fear               Hex            2%         N/A       80%         4
 Fulminant Prism          Conj/Hex       2%         3d5       80%         4
 Dragon Form              Tmut           2%         N/A       100%        7
 Dragon's Call            Summ           2%         N/A       100%        9


Dungeon Overview and Level Annotations

Branches:
Dungeon (2/15)

Altars:

Annotations:
D:2 Natasha


Innate Abilities, Weirdness & Mutations

You are a tree.
Your roots penetrate the ground, keeping you stationary.
You cannot be teleported.
You are immune to unholy pain and torment.
Your maximum health is greatly increased.
Your equipment is partially melded.
((You have very sharp teeth.))
Your uncanny sense of smell can sniff out nearby items.
Your experience applies equally to all skills.


Message History

You feel stable enough to blink again.
Natasha wildly gestures.
You feel troubled. The adder bites you.
* * * LOW HITPOINT WARNING * * *
You are lethally poisoned!
The adder poisons you!
It was a potion of degeneration.
There was something very wrong with that liquid.
You feel weakened.
You feel dopey.
You feel clumsy.
* * * LOW HITPOINT WARNING * * *
You feel sick. The adder barely misses you. Natasha casts a spell at you.
You resist with some effort.
It was a potion of lignification.
You turn into a tree.
Your +0 leather armour melds into your body.
Your roots penetrate the ground.
You feel sick. The adder completely misses you.
The hobgoblin hits you but does no damage.
Natasha casts a spell at you.
The magic dart hits you but does no damage.
You barely miss the adder.
The adder is moderately wounded.
You feel sick. The adder bites you but does no damage.
You miss the adder.
The adder is moderately wounded.
You feel sick. The adder bites you but does no damage.
The hobgoblin hits you but does no damage.
You hit the adder.
The adder is severely wounded.
You feel sick.
You are no longer poisoned.
The adder bites you but does no damage.
Natasha wildly gestures.
Natasha's front paws start to glow.
The hobgoblin hits you but does no damage.
You barely miss the adder.
The adder is severely wounded.
The adder bites you but does no damage. Natasha claws you.
You die...

#.# # #§# #.# #.#. #h# #.#
#... #.# #.# #..# #.#
#########.#### #..# #.#
.............# #..####.#
.####...#.##.# #.......#
.####...<.##.####h#...####
.+..............♣S.......+
∆
.###.....###.####g#...####
........####># #.##.##
####.........# #.####
#.######### #.# #.# #.#
#.# #.# #.# #.# #.# #.#


You could see Natasha, an adder and a hobgoblin.

Vanquished Creatures
  Natasha (D:2)
  Robin (D:2)
  An adder (D:2)
  2 ball pythons (D:2)
  3 endoplasms (D:1)
  6 goblins (D:2)
  7 hobgoblins
  2 bats
  2 frilled lizards (D:1)
  5 kobolds
  6 rats
36 creatures vanquished.

Vanquished Creatures (others)
  A hobgoblin (D:1)
1 creature vanquished.

Grand Total: 37 creatures vanquished

Notes
Turn   | Place    | Note
-------+----------+-------------------------------------------
     0 | D:1      | Kass the Gnoll Warper began the quest for the Orb.
     0 | D:1      | Reached XP level 1. HP: 20/20 MP: 6/6
   323 | D:1      | Reached XP level 2. HP: 26/26 MP: 7/7
   800 | D:2      | Learned a level 2 spell: Blink
  1035 | D:2      | Reached skill level 5 in Spellcasting
  1035 | D:2      | Reached XP level 3. HP: 29/31 MP: 7/9
  1061 | D:2      | Noticed Robin
  1090 | D:2      | Killed Robin
  1091 | D:2      | Reached skill level 1 in Invocations
  1114 | D:2      | Reached skill level 1 in Short Blades
  1114 | D:2      | Reached skill level 1 in Long Blades
  1114 | D:2      | Reached skill level 1 in Axes
  1114 | D:2      | Reached skill level 1 in Maces & Flails
  1114 | D:2      | Reached skill level 1 in Staves
  1114 | D:2      | Reached skill level 1 in Ranged Weapons
  1114 | D:2      | Reached skill level 1 in Stealth
  1114 | D:2      | Reached skill level 1 in Shields
  1114 | D:2      | Reached skill level 1 in Unarmed Combat
  1114 | D:2      | Reached skill level 1 in Evocations
  1273 | D:2      | Noticed Natasha
  1284 | D:2      | Killed Natasha
  1285 | D:2      | Reached XP level 4. HP: 33/38 MP: 11/11
  1350 | D:2      | Reached skill level 1 in Conjurations
  1350 | D:2      | Reached skill level 1 in Hexes
  1350 | D:2      | Reached skill level 1 in Summonings
  1350 | D:2      | Reached skill level 1 in Necromancy
  1350 | D:2      | Reached skill level 1 in Transmutations
  1350 | D:2      | Reached skill level 1 in Fire Magic
  1350 | D:2      | Reached skill level 1 in Ice Magic
  1350 | D:2      | Reached skill level 1 in Air Magic
  1350 | D:2      | Reached skill level 1 in Earth Magic
  1350 | D:2      | Reached skill level 1 in Poison Magic
  1436 | D:2      | Noticed Natasha
  1449 | D:2      | HP: 2/57 [poisoned by an adder]
  1450 | D:2      | Slain by Natasha

Illustrated notes

Levels and vault maps discovered:
D:1:      heliophobic_arrival_glass_houses, layout_basic
D:2:      cheibrodos_old_hovel, layout_loops_corners, kennysheep_flooded_box,
          uniq_natasha, uniq_robin

Skill      XL: |  1  2  3  4 |
---------------+-------------+-----
Spellcasting   | 5 |  5.1
Invocations    | 1 |  1.3
Short Blades   | 1 |  1.2
Long Blades    | 1 |  1.2
Axes           | 1 |  1.2
Maces & Flails | 1 |  1.2
Staves         | 1 |  1.2
Ranged Weapons | 1 |  1.2
Stealth        | 1 |  1.2
Shields        | 1 |  1.2
Unarmed Combat | 1 |  1.2
Evocations     | 1 |  1.2
Conjurations   | 1 |  1.0
Hexes          | 1 |  1.0
Summonings     | 1 |  1.0
Necromancy     | 1 |  1.0
Transmutations | 1 |  1.0
Fire Magic     | 1 |  1.0
Ice Magic      | 1 |  1.0
Air Magic      | 1 |  1.0
Earth Magic    | 1 |  1.0
Poison Magic   | 1 |  1.0
Fighting       | |  4.6
Polearms       | |  4.6
Throwing       | |  2.8
Armour         | |  2.8
Dodging        | |  4.6
Translocations | |  5.5

Action                     |  1- 3 |  4- 6 || total
---------------------------+-------+-------++-------
  Melee: Spear             |   154 |    18 ||   172
         Bite              |     8 |       ||     8
         Punch             |     1 |       ||     1
   Cast: Blink             |       |     2 ||     2
    Use: Potion            |       |     2 ||     2
 Armour: Leather armour    |    17 |     4 ||    21
         Skin              |       |     8 ||     8
  Dodge: Dodged            |    61 |    16 ||    77
